 Dungeon Crawl Stone Soup version 0.27.1-35-g4d5d836560 (webtiles) character file.

Game seed: 13059611728826685094

153 cbfl8 the Sneak (level 5, 0/46 HPs)
             Began as a Minotaur Delver on Mar 18, 2022.
             Slain by a killer bee (7 damage)
             ... on level 5 of the Dungeon.
             The game lasted 00:01:24 (789 turns).

cbfl8 the Sneak (Minotaur Delver)                    Turns: 789, Time: 00:01:26

Health: 0/46       AC:  3    Str: 16    XL:     5   Next: 12%
Magic:  13/13      EV: 12    Int:  7    God:
Gold:   9          SH:  0    Dex: 13    Spells: 4/4 levels left

rFire    . . .     SeeInvis .   h - +0 battleaxe
rCold    . . .     Faith    .   (shield currently unavailable)
rNeg     . . .     Spirit   .   b - +0 leather armour
rPois    .         Reflect  .   (helmet restricted)
rElec    .         Harm     .   (no cloak)
rCorr    .         Rampage  .   (no gloves)
Will     .....                  (no boots)
Stlth    +++.......             (no amulet)
HPRegen  0.15/turn              j - ring of magical power
MPRegen  0.13/turn              (no ring)

@: lethally poisoned (0 -> -19)
A: horns 2, retaliatory headbutt
a: no special abilities


You were on level 5 of the Dungeon.
You visited 1 branch of the dungeon, and saw 2 of its levels.

You collected 9 gold pieces.

Inventory:

Hand Weapons
 a - a +0 hand axe
 h - a +0 battleaxe (weapon)
Armour
 b - a +0 leather armour (worn)
Jewellery
 j - a ring of magical power (left hand)
Wands
 g - a wand of digging (3)
Scrolls
 c - a scroll of fog
 d - a scroll of magic mapping
 e - a scroll of fear
Potions
 f - a potion of haste
 i - a potion of might {unknown}


   Skills:
 + Level 4.3 Fighting
 + Level 3.1 Axes
 + Level 1.1 Armour
 + Level 2.7 Dodging
 + Level 5.4 Stealth


You had 4 spell levels left.
You didn't know any spells.
Your spell library contained the following spells:

 Spells                   Type           Power      Damage    Failure   Level
 Blink                    Tloc           N/A        N/A       65%         2
 Lesser Beckoning         Tloc           0%         N/A       86%         3
 Manifold Assault         Tloc           0%         N/A       100%        5


Dungeon Overview and Level Annotations

Branches:
Dungeon (5/15)
 Temple: D:4-7

Altars:

Shops:
D:5 !


Innate Abilities, Weirdness & Mutations

You have a pair of horns on your head.
You reflexively headbutt those who attack you in melee.


Message History

There is an open door here.
An adder skeleton comes into view.
The helpless adder skeleton fails to defend itself.
You slash the adder skeleton! You headbutt the adder skeleton!
You destroy the adder skeleton!
A killer bee and a necrophage come into view.
Found a gnarled smoking staff.
Unknown command.
A necrophage comes into view.
The helpless killer bee fails to defend itself.
You hit the killer bee but do no damage.
The killer bee closely misses you. You furiously retaliate!
You headbutt the killer bee! The killer bee stings you. x2
The necrophage closely misses you.
You closely miss the killer bee.
The killer bee is heavily wounded.
You closely miss the necrophage. The killer bee stings you.
You are poisoned.
The killer bee poisons you! The killer bee stings you.
You are more poisoned.
The killer bee poisons you! The killer bee stings you.
You are lethally poisoned!
The killer bee poisons you! The necrophage barely misses you.
You miss the killer bee.
The killer bee is heavily wounded.
You hit the necrophage.
You feel extremely sick. The killer bee barely misses you.
The killer bee closely misses you.
The necrophage hits you but does no damage.
The killer bee barely misses you. The necrophage completely misses you.
You miss the killer bee.
The killer bee is heavily wounded.
You closely miss the necrophage.
* * * LOW HITPOINT WARNING * * *
You feel very sick. The killer bee stings you.
* * * LOW HITPOINT WARNING * * *
You are more poisoned.
The killer bee poisons you! The killer bee stings you!
You die...

##
........######.#
..
........'......#
.#
........########
.# ## ..#####..#
.# ... ...##.#
.# ... #.#.#.#
.# .. #n#...# ..
#.#y#.#.# ..
#n@.##.# .
#####..# .## ##


You could see 2 necrophages and a killer bee.

Vanquished Creatures
  A bullfrog (D:5)
  A bullfrog skeleton (D:5)
  A scorpion zombie (D:5)
  An iguana (D:5)
  An adder (D:5)
  An adder skeleton (D:5)
  The ghost of cbfl8 the Sneak, a weakling MiDe (D:5)
7 creatures vanquished.

Notes
Turn   | Place    | Note
-------+----------+-------------------------------------------
     0 | D:5      | cbfl8 the Minotaur Delver began the quest for the Orb.
     0 | D:5      | Reached XP level 1. HP: 19/19 MP: 0/0
    38 | D:5      | Reached XP level 2. HP: 12/27 MP: 1/1
    38 | D:5      | Reached XP level 3. HP: 14/33 MP: 2/2
   215 | D:5      | Found a runed translucent door.
   218 | D:5      | Noticed a bullfrog
   220 | D:5      | Noticed cbfl8's ghost (weakling MiDe)
   235 | D:5      | Killed a bullfrog
   236 | D:5      | Reached skill level 5 in Stealth
   236 | D:5      | Reached XP level 4. HP: 24/40 MP: 3/3
   241 | D:5      | Killed cbfl8's ghost
   529 | D:5      | Reached skill level 1 in Armour
   582 | D:4      | Noticed an ogre
   641 | D:5      | Found Poschod's Distillery.
   707 | D:5      | Reached XP level 5. HP: 41/46 MP: 4/4
   784 | D:5      | Noticed a necrophage
   785 | D:5      | Noticed a necrophage
   789 | D:5      | Slain by a killer bee

Illustrated notes

Levels and vault maps discovered:
D:4:      layout_rooms, mainiacjoe_overflow_alcove_4, serial_bayou_ford_a,
          chequers_serial_rivers_micro_e
D:5:      layout_basic, ebering_ghost_sewer_d, serial_shops, nicolae_shop_trees,
          minmay_checkerbox, uniq_prince_ribbit1

Skill      XL: |  1  2  3  4 |
---------------+-------------+-----
Fighting       | 4 |  4.3
Stealth        | 5 |  5.4
Armour         | 1 |  1.1
Axes           | 3 |  3.1
Dodging        | |  2.7

Action                   |  1- 3 |  4- 6 || total
-------------------------+-------+-------++-------
Melee: Battleaxe         |    13 |    21 ||    34
       Headbutt          |     3 |     7 ||    10
 Stab: Sleeping          |       |     2 ||     2
Armor: Leather armour    |     5 |     6 ||    11
Dodge: Dodged            |    14 |    19 ||    33
